 Dungeon Crawl Stone Soup version 0.31-a0-236-g9a0961fb85 (webtiles) character file.

Game seed: 14525462747916801533

88 qw the Shooter (level 4, 0/26 HPs)
             Began as a Gargoyle Hexslinger on July 9, 2023.
             Slain by a goblin
             ... wielding a +0 club
             ... led by Robin
              (3 damage)
             ... on level 2 of the Dungeon.
             The game lasted 00:00:35 (1065 turns).

qw the Shooter (Gargoyle Hexslinger)                Turns: 1065, Time: 00:00:35

Health: 0/26       AC:  6    Str: 11    XL:     4   Next: 54%
Magic:  5/5        EV: 11    Int: 14    God:
Gold:   637        SH:  0    Dex: 14    Spells: 4/5 levels left

rFire   . . .        Y - +2 sling
rCold   . . .        (no shield)
rNeg    + . .        j - +0 leather armour
rPois   inf          (no helmet)
rElec   +            (no cloak)
rCorr   .            (no gloves)
SInv    .            (no boots)
Will    .....        (no amulet)
Stlth   +            (no ring)
HPRegen 0.24/turn    (no ring)
MPRegen 0.09/turn

%: no passive effects
@: about to teleport
A: sickness immunity, AC +3, negative energy resistance 1, electricity
resistance, torment resistance 1, petrification resistance
a: no special abilities


You were on level 2 of the Dungeon.
You visited 1 branch of the dungeon, and saw 2 of its levels.

You collected 637 gold pieces.


Innate Abilities, Weirdness & Mutations

You are immune to sickness and miasma.
Your stone body is resilient. (AC +3)
You are immune to poison.
You resist negative energy. (rN+)
You are resistant to electric shocks. (rElec)
You are resistant to unholy torment.
You are immune to petrification.


   Skills:
 - Level 2.0 Fighting
 + Level 4.3 Ranged Weapons
 - Level 1.5 Dodging
 - Level 1.0 Spellcasting
 - Level 2.6 Hexes


You had 4 spell levels left.
You knew the following spells:

 Your Spells              Type           Power      Damage    Failure   Level
a - Slow                  Hex            32%        N/A       12%         1

Your spell library contained the following spells:

 Spells                   Type           Power      Damage    Failure   Level
 Inner Flame              Hex/Fire       4%         N/A       52%         3
 Portal Projectile        Hex/Tloc       8%         N/A       52%         3
 Cause Fear               Hex            4%         N/A       75%         4

Inventory:

Hand Weapons
 Y - a +2 sling (weapon)
Armour
 c - a +0 ring mail
 j - a +0 leather armour (worn)
Potions
 b - a potion of might {unknown}
 e - a potion of mutation {unknown}
 g - 2 potions of invisibility {unknown}
 h - a potion of resistance {unknown}

Dungeon Overview and Level Annotations

Branches:
Dungeon (2/15)

Altars:


Message History

The goblin hits you but does no damage.
The jackal bites you but does no damage.
You shoot a sling bullet. The sling bullet hits the goblin.
You kill the goblin!
The jackal bites you. The goblin hits you but does no damage.
The goblin hits you with a +0 dagger. The goblin hits you but does no damage.
The hobgoblin hits you.
The jackal bites you but does no damage.
The goblin hits you but does no damage. x3
You shoot a sling bullet. The sling bullet hits the goblin.
The goblin is severely wounded.
The jackal bites you. The goblin hits you with a +0 club.
The hobgoblin closely misses you. The goblin closely misses you.
The goblin hits you with a +0 club. The goblin closely misses you.
You shoot a sling bullet. The sling bullet hits the goblin!
You kill the goblin!
The jackal barely misses you.
The jackal bites you but does no damage.
The hobgoblin hits you. The goblin closely misses you.
The goblin hits you but does no damage. The goblin closely misses you.
You shoot a sling bullet. The sling bullet hits the goblin.
You kill the goblin!
The jackal closely misses you. The hobgoblin hits you. The goblin misses you.
The goblin completely misses you. The jackal completely misses you.
1063 ||| READING scroll of teleportation.
As you read the scroll of teleportation, it crumbles to dust.
You feel strangely unstable. The hobgoblin hits you.
The goblin barely misses you. x2
The jackal bites you but does no damage.
You shoot a sling bullet.
The sling bullet closely misses the goblin.
The jackal barely misses you. The hobgoblin barely misses you.
The goblin barely misses you. The goblin closely misses you.
The jackal bites you but does no damage.
You shoot a sling bullet.
The sling bullet barely misses the goblin.
The hobgoblin misses you. The goblin hits you with a +0 club.
The goblin hits you but does no damage. The jackal barely misses you.
The goblin hits you with a +0 club.
You die...

.## .# ...#
##### #.. .#
#..#
#.#.##... .#
#..##...#..
.# #........
. #......#
#...gg)##.#
#...h@)...#
##>.g###..#
#.#......).)
#.#####.## #
####.# #.#
.....#
######.#
######
#......#
####
#.######
...# #.#


You could see a jackal, a hobgoblin and 2 goblins.

Vanquished Creatures
  A gnoll (D:1)
  Robin (D:2)
  2 adders (D:2)
  A dart slug (D:1)
  2 ball pythons
  2 endoplasms (D:2)
  2 giant cockroaches
  6 hobgoblins
  A jackal (D:2)
  8 kobolds
  A quokka (D:2)
  5 bats
  3 frilled lizards
  7 goblins (D:2)
  5 rats
47 creatures vanquished.

Notes
Turn   | Place    | Note
-------+----------+-------------------------------------------
     0 | D:1      | qw the Gargoyle Hexslinger began the quest for the Orb.
     0 | D:1      | Reached XP level 1. HP: 12/12 MP: 2/2
     0 | D:1      | 0 ||| qw: Version: 0.3-a-51-g015441d
     0 | D:1      | 0 ||| qw: Game counter: 4434
     0 | D:1      | 0 ||| qw: Melee chars always use a shield: true
     0 | D:1      | 0 ||| qw: God list: Okawaru
     0 | D:1      | 0 ||| qw: Allow faded altars: false
     0 | D:1      | 0 ||| qw: Do Orc after clearing Dungeon:15 true
     0 | D:1      | 0 ||| qw: Do second Lair branch before Depths: true
     0 | D:1      | 0 ||| qw: Lair rune preference: random
     0 | D:1      | 0 ||| qw: Goals: Normal
     0 | D:1      | 0 ||| PLANNING D:1-11
   111 | D:1      | Reached XP level 2. HP: 16/16 MP: 3/3
   196 | D:1      | Reached skill level 3 in Ranged Weapons
   278 | D:1      | Reached XP level 3. HP: 18/20 MP: 4/4
   610 | D:1      | 610 ||| UPGRADING to +0 leather armour.
   620 | D:1      | 620 ||| DROPPING +0 robe.
   621 | D:1      | 621 ||| READING 2 scrolls labelled LUQOUV MAREYPSAM.
   626 | D:1      | 626 ||| READING scroll labelled XUEMNE LOOH.
   627 | D:1      | 627 ||| READING scroll labelled UXAFFO OHEJERGH.
   627 | D:1      | Identified a scroll of acquirement
   627 | D:1      | 627 ||| ACQUIRING 569 gold pieces
   627 | D:1      | Acquired 569 gold pieces
   629 | D:1      | 629 ||| DROPPING scroll of poison.
  1026 | D:2      | Reached XP level 4. HP: 26/26 MP: 5/5
  1041 | D:2      | Reached skill level 4 in Ranged Weapons
  1047 | D:2      | Noticed Robin
  1054 | D:2      | Killed Robin
  1062 | D:2      | HP: 6/26 [hobgoblin[Robin] (4)]
  1063 | D:2      | 1063 ||| READING scroll of teleportation.
  1065 | D:2      | Slain by a goblin

Levels and vault maps discovered:
D:1:      matt_arrival_los_fun, layout_rooms
D:2:      minmay_angry_zag, layout_basic, shapermc_ecumenical_altar_venn,
          uniq_robin

Skill      XL: |  1  2  3  4 |
---------------+-------------+-----
Ranged Weapons | 3 4 |  4.3
Fighting       | 2 |  2.0
Dodging        | |  1.5
Spellcasting   | |  1.0
Hexes          | |  2.6

Action                     |  1- 3 |  4- 6 || total
---------------------------+-------+-------++-------
   Fire: Sling             |   138 |    25 ||   163
    Use: Scroll            |     3 |     1 ||     4
 Armour: Robe              |    27 |       ||    27
         Leather armour    |     9 |    26 ||    35
  Dodge: Dodged            |    71 |    36 ||   107

Table legend:
 A = Non-vault XP
 B = Vault XP
 C = Vault XP percentage of total XP
 D = Non-vault monster count
 E = Vault monster count
 F = Vault count percentage of total count
                 A         B        C        D         E       F
            +---------+---------+-------+---------+---------+-------
      Total |      87 |      40 |  31.5 |      32 |      15 |  31.9
            +---------+---------+-------+---------+---------+-------
        D:1 |      42 |       0 |   0.0 |      17 |       0 |   0.0
        D:2 |      45 |      40 |  47.1 |      15 |      15 |  50.0
            +---------+---------+-------+---------+---------+-------
